 Dungeon Crawl Stone Soup version 0.27-a0-1147-gb3d8e82157 (webtiles) character file.

Game seed: 12243771346333794729

15 HoaS the Ruffian (level 2, 0/19 HPs)
             Began as a Tengu Berserker on May 11, 2021.
             Was a Follower of Trog.
             Slain by a jackal (2 damage)
             ... on level 1 of the Dungeon.
             The game lasted 00:01:17 (757 turns).

HoaS the Ruffian (Tengu Berserker)                   Turns: 757, Time: 00:01:18

Health: 0/19       AC:  2    Str: 17    XL:     2   Next: 50%
Magic:  3/3        EV: 12    Int:  7    God:    Trog [*.....]
Gold:   43         SH:  0    Dex: 13    Spells: 1/1 levels left

rFire    . . .     SeeInvis .     - Unarmed
rCold    . . .     Faith    .   (no shield)
rNeg     . . .     Spirit   .   a - +0 animal skin
rPois    .         Reflect  .   (helmet restricted)
rElec    .         Harm     .   (no cloak)
rCorr    .         Rampage  .   (no gloves)
Will     .....                  (boots unavailable)
Stlth    +.........             (no amulet)
HPRegen  0.06/turn              (no ring)
MPRegen  0.08/turn              (no ring)

@: no status effects
A: beak, talons 3
a: Renounce Religion, Berserk


You were on level 1 of the Dungeon.
You worshipped Trog.
Trog was aware of your devotion.
You visited 1 branch of the dungeon, and saw 2 of its levels.

You collected 43 gold pieces.

Inventory:

Armour
 a - a +0 animal skin (worn)
Scrolls
 c - a scroll of magic mapping {unknown}
 e - a scroll of identify {unknown}
Potions
 b - a potion of heal wounds {unknown}
 d - a potion of attraction {unknown}


   Skills:
 - Level 3.0 Fighting
 - Level 2.1 Armour
 - Level 2.1 Dodging
 + Level 4.2 Unarmed Combat


You had one spell level left.
You didn't know any spells.
Your spell library was empty.

Dungeon Overview and Level Annotations

Branches:
Dungeon (2/15)

Altars:


Innate Abilities, Weirdness & Mutations

You have a beak for a mouth.
You have claws for feet.


Message History

You are too injured to fight recklessly!
You hit the hobgoblin.
You kill the hobgoblin!
Trog accepts your kill.
You start resting.
HP restored.
There is a stone staircase leading down here.
You climb downwards.
A giant cockroach comes into view.
The jackal bites you but does no damage.
The jackal bites you. The goblin hits you with a +0 club.
The jackal barely misses you. x2; The ball python bites you.
The ball python grabs you. The ball python constricts you.
The goblin barely misses you. The jackal bites you.
The jackal closely misses you.
There is a stone staircase leading up here.
You escape the ball python's grasp.
The jackal closely misses you.
The jackal bites you but does no damage.
The ball python completely misses you. The ball python misses you.
The goblin hits you but does no damage.
You climb upwards.
There is a stone staircase leading down here.
You hit the ball python.
You kill the ball python!
Trog accepts your kill. The jackal bites you.
You hit the jackal but do no damage. Your peck misses the jackal.
The jackal misses you.
You barely miss the jackal. Your peck misses the jackal. The jackal bites you.
The goblin completely misses you. The jackal closely misses you.
You barely miss the jackal. The goblin hits you with a +0 club.
The jackal closely misses you.
You closely miss the jackal. Your kick misses the jackal.
Your peck misses the jackal. The jackal bites you.
The goblin hits you with a +0 club.
* * * LOW HITPOINT WARNING * * *
You closely miss the jackal. Your kick misses the jackal.
You peck the jackal, but do no damage. The jackal misses you.
The goblin closely misses you. The jackal bites you.
You die...

#.######.##...###########..####.
#.# #......................#. #.#
####...#.#.#######.###.#. #.#
##.##.#.# #.# #.#. #.#
#.##.#.#### #.# #.#. #.#
#.##.#....# #.# #... #.#
#.##h####.# #.# #### #.# #.##h#
#.# #.# ##.##########.##@# #.#
#.# ............#.##g# #.# #.#
##.########.#.##.####.####.## #.#
#.#.##..........#.## #.#
#.#.###).......###.# ##.#
#.#..#...##.###.#.##
##.########......#..#.# ##.##
##....................# ########
###########....#####..#####.....[


You could see 2 jackals and a goblin.

Vanquished Creatures
  A dart slug (D:1)
  A giant cockroach (D:1)
  2 goblins (D:1)
  2 hobgoblins (D:1)
  2 ball pythons (D:1)
  A bat (D:1)
  3 frilled lizards (D:1)
  2 rats (D:1)
14 creatures vanquished.

Notes
Turn   | Place    | Note
-------+----------+-------------------------------------------
     0 | D:1      | HoaS the Tengu Berserker began the quest for the Orb.
     0 | D:1      | Reached XP level 1. HP: 14/14 MP: 2/2
   157 | D:1      | Reached XP level 2. HP: 16/19 MP: 3/3
   493 | D:1      | Reached skill level 4 in Unarmed Combat
   503 | D:1      | Found a faded altar of an unknown god.
   757 | D:1      | Slain by a jackal

Illustrated notes

Levels and vault maps discovered:
D:1:      nicolae_arrival_memento_mori, layout_loops_ring,
          ebering_ecumenical_altar_abandoned
D:2:      minmay_roachtagon, layout_rooms, serial_shops, shop, uniq_sigmund

Skill      XL: |  1  2 |
---------------+-------+-----
Unarmed Combat | 4 |  4.2
Fighting       | |  3.0
Armour         | |  2.1
Dodging        | |  2.1

Action                   || total
-------------------------++-------
Melee: Unarmed           ||    29
       Kick              ||     5
       Peck              ||     3
Armor: Animal skin       ||     7
Dodge: Dodged            ||    21

Table legend: (Time is in decaauts)
 A = Elapsed time spent in this place.
 B = Non-inter-level travel time spent in this place.
 C = Inter-level travel time spent in this place.
 D = Time resting spent in this place.
 E = Time spent auto-exploring this place.
 F = Levels seen in this place.
 G = Mean time per level.
                   A        B        C        D        E       F      G
               +--------+--------+--------+--------+--------+-----+--------+
         Total |    757 |    736 |     21 |    163 |    490 |   2 |  378.5 |
       Dungeon |    757 |    736 |     21 |    163 |    490 |   2 |  378.5 |
               +--------+--------+--------+--------+--------+-----+--------+

Top non-repeatable levels by time:
     D:1: 750 daAuts
     D:2: 6 daAuts
